 Dungeon Crawl Stone Soup version 0.28.0-45-g0d030f2227 (webtiles) character file.

Game seed: 6877543204889125818

208 Faeu the Covered (level 5, -7/47 HPs)
             Began as a Minotaur Fighter on Apr 6, 2022.
             Mangled by a water moccasin (8 damage)
             ... on level 3 of the Dungeon on Apr 11, 2022.
             The game lasted 00:11:06 (2450 turns).

Faeu the Covered (Minotaur Fighter)                 Turns: 2450, Time: 00:11:06

Health: -7/47      AC:  8    Str: 22    XL:     5   Next: 55%
Magic:  4/4        EV:  9    Int:  5    God:
Gold:   123        SH:  4    Dex: 10    Spells: 4/4 levels left

rFire   . . .      SeeInvis .   a - +0 war axe {axe}
rCold   . . .      Faith    .   c - +0 buckler
rNeg    . . .      Spirit   .   b - +0 scale mail
rPois   .          Reflect  .   (helmet restricted)
rElec   .          Harm     .   q - scarf {+Inv}
rCorr   .          Rampage  .   t - +0 pair of gloves
Will    .....                   (no boots)
Stlth   ..........              (no amulet)
HPRegen 0.15/turn               (no ring)
MPRegen 0.09/turn               (no ring)

@: lethally poisoned (-7 -> -14)
A: horns 2, retaliatory headbutt
a: Evoke Invisibility


You were on level 3 of the Dungeon.
You visited 1 branch of the dungeon, and saw 3 of its levels.

You collected 123 gold pieces.


Innate Abilities, Weirdness & Mutations

You have a pair of horns on your head.
You reflexively headbutt those who attack you in melee.


   Skills:
 + Level 4.4 Fighting
 + Level 4.6 Axes
 + Level 4.8 Armour
 + Level 0.8 Dodging
 + Level 0.3 Stealth
 + Level 4.5 Shields


You had 4 spell levels left.
You didn't know any spells.
Your spell library was empty.

Inventory:

Hand Weapons
 a - a +0 war axe (weapon) {axe}
 k - a +1 short sword of speed {short}
   (You took it off a kobold on level 2 of the Dungeon)
 s - a +2 mace of protection {mace}
   (You found it on level 3 of the Dungeon)
Missiles
 g - 3 javelins (quivered) {throwing}
Armour
 b - a +0 scale mail (worn)
 c - a +0 buckler (worn)
 q - a scarf of invisibility (worn)
   (You found it on level 2 of the Dungeon)
 t - a +0 pair of gloves (worn)
   (You found it on level 3 of the Dungeon)
Jewellery
 r - a ring of ice
   (You found it on level 3 of the Dungeon)
Scrolls
 e - a scroll of teleportation {unknown}
 f - a scroll of fog {unknown}
 h - a scroll of identify {@r1}
 p - 2 scrolls of holy word
 u - a scroll of magic mapping {unknown}
Potions
 d - a potion of might
 i - a potion of haste {unknown}
 j - a potion of degeneration {!q@e2}
 l - a potion of heal wounds {unknown}
 m - a potion of attraction {unknown}
 n - 2 potions of resistance {unknown}
 o - a potion of lignification {unknown}

Dungeon Overview and Level Annotations

Branches:
Dungeon (3/15)

Altars:

Shops:
D:1

* #
#...>.#..)..).'...'.†.....#
#
#######.......#...#.......#
# ##.....##...##.....## #
##...###...###...## # #####
#...# ##### # ##...#
#...###...## #
#.....##...##.....## #
......)#...#.).....# #
..?...S@)..'.†.....#
.......#...#.......#
#.....##...##.....## ##...#
#....##...## ####
####..##### #... ####


You could see a water moccasin.


Message History

😕 HP[+1] 😕 HP[+1]
You see here a +0 mace {mace}.
You open the door.
A rat and a goblin come into view.
The goblin shouts!
An adder comes into view.
There is an open door here.
The rat barely misses you.
You hit the rat.
You kill the rat!
You barely miss the goblin. The goblin barely misses you.
The adder barely misses you. 😕 HP[+1]
You slash the adder! You slash the goblin!
You kill the goblin!
The adder completely misses you. You furiously retaliate!
You headbutt the adder!
You kill the adder!
You see here an adder corpse.
u - a scroll labelled VOTOUJ JUHADA 😕 HP[+1]
Things that are here:
a +0 dagger {short}; a goblin corpse
There is an open door here.
You see here a +0 mace {mace}.
You open the door.
A water moccasin comes into view.
The water moccasin hisses angrily. 😕 HP[+1]
There is an open door here.
You closely miss the water moccasin.
The water moccasin bites you but does no damage.
The water moccasin closely misses you.
You closely miss the water moccasin. The water moccasin bites you.
The water moccasin bites you but does no damage. 😕 HP[-5]
You take 5 damage, and now have 36/47 hp.
You closely miss the water moccasin. You headbutt the water moccasin.
The water moccasin bites you.
The water moccasin bites you but does no damage. 😮 HP[-1]
You take 1 damage, and now have 35/47 hp.
You slash the water moccasin!
Your headbutt misses the water moccasin.
The water moccasin bites you but does no damage.
The water moccasin closely misses you.
You barely miss the water moccasin.
Your headbutt misses the water moccasin.
The water moccasin bites you!
The water moccasin closely misses you. 😮 HP[-8]
You take 8 damage, and now have 27/47 hp.
You barely miss the water moccasin.
The water moccasin bites you but does no damage.
You closely miss the water moccasin.
Your headbutt misses the water moccasin.
The water moccasin closely misses you. You furiously retaliate!
You headbutt the water moccasin, but do no damage.
The water moccasin bites you.
* * * LOW HITPOINT WARNING * * *
You are poisoned.
The water moccasin poisons you! 😨 HP[-4]
You take 4 damage, and now have 23/47 hp.
You miss the water moccasin.
You feel very sick.
The water moccasin bites you but does no damage.
The water moccasin misses you. 😨 HP[-3]
You take 3 damage, and now have 20/47 hp.
You closely miss the water moccasin.
You feel very sick. The water moccasin closely misses you.
The water moccasin completely misses you. 😨 HP[-3]
You take 3 damage, and now have 17/47 hp.
You miss the water moccasin.
You feel sick.
You block the water moccasin's attack. x2 😨 HP[-2]
You take 2 damage, and now have 15/47 hp.
You barely miss the water moccasin.
You feel sick. The water moccasin bites you.
* * * LOW HITPOINT WARNING * * *
The water moccasin bites you.
* * * LOW HITPOINT WARNING * * *
You are lethally poisoned!
The water moccasin poisons you! 😱 HP[-8]
You take 8 damage, and now have 7/47 hp.
You barely miss the water moccasin.
* * * LOW HITPOINT WARNING * * *
You feel very sick.
The water moccasin bites you but does no damage. 😱 HP[-4]
You take 4 damage, and now have 3/47 hp.
You hit the water moccasin.
* * * LOW HITPOINT WARNING * * *
You feel very sick. You block the water moccasin's attack.
The water moccasin bites you!
You die...

Skill      XL: |  1  2  3  4 |
---------------+-------------+-----
Shields        | 4 |  4.5
Armour         | 4 |  4.8
Fighting       | 4 |  4.4
Axes           | 3 4 |  4.6
Dodging        | |  0.8
Stealth        | |  0.3

Action                   |  1- 3 |  4- 6 || total
-------------------------+-------+-------++-------
Melee: War axe           |    56 |    61 ||   117
       Headbutt          |     6 |     5 ||    11
  Use: Scroll            |     3 |       ||     3
Armor: Scale mail        |    42 |    30 ||    72
Dodge: Dodged            |    45 |    30 ||    75
Block: Buckler           |    24 |    19 ||    43

Levels and vault maps discovered:
D:1:      dpeg_arrival_windows_large_door, layout_rooms,
          dilly_ecumenical_altar_fadedgnrine, serial_shops, nicolae_shop_trees
D:2:      layout_rooms, minmay_tromino_v4_b
D:3:      kennysheep_six_static_rooms, layout_basic, corexii_hall_statues_x,
          hangedman_decor_growths

Notes
Turn   | Place    | Note
-------+----------+-------------------------------------------
     0 | D:1      | Faeu the Minotaur Fighter began the quest for the Orb.
     0 | D:1      | Reached XP level 1. HP: 19/19 MP: 0/0
     0 | D:1      | magus.rc [v1.9.6]
     0 | D:1      | magus.rc [v1.9.6]
   103 | D:1      | Reached skill level 4 in Shields
   153 | D:1      | Reached XP level 2. HP: 27/27 MP: 1/1
   168 | D:1      | Found Cioneduo's General Store.
   425 | D:1      | Found a faded altar of an unknown god.
   662 | D:2      | Reached skill level 4 in Armour
   693 | D:2      | Reached XP level 3. HP: 31/33 MP: 2/2
   738 | D:2      | Reached skill level 4 in Fighting
  1020 | D:2      | Reached skill level 3 in Axes
  1384 | D:2      | Reached XP level 4. HP: 29/40 MP: 3/3
  2019 | D:3      | Reached skill level 4 in Axes
  2333 | D:3      | Reached XP level 5. HP: 47/47 MP: 4/4
  2436 | D:3      | Noticed a water moccasin
  2448 | D:3      | HP: 8/47 [water moccasin (5)]
  2449 | D:3      | HP: 3/47 [poisoned by a water moccasin]
  2450 | D:3      | HP: 1/47 [poisoned by a water moccasin]
  2450 | D:3      | Mangled by a water moccasin

Vanquished Creatures
  A scorpion (D:3)
  An orc priest (D:3)
  3 gnolls (D:2)
  3 adders
  A worm (D:3)
  A dart slug (D:3)
  4 orcs (D:3)
  7 bats
  An endoplasm (D:3)
  7 goblins
  5 hobgoblins
  5 jackals
  4 quokkas
  4 ball pythons
  4 frilled lizards
  6 kobolds
  3 rats
60 creatures vanquished.

Table legend:
 A = Non-vault XP
 B = Vault XP
 C = Vault XP percentage of total XP
 D = Non-vault monster count
 E = Vault monster count
 F = Vault count percentage of total count
                 A         B        C        D         E       F
            +---------+---------+-------+---------+---------+-------
      Total |     197 |     101 |  33.9 |      54 |       6 |  10.0
            +---------+---------+-------+---------+---------+-------
        D:1 |      20 |       0 |   0.0 |      12 |       0 |   0.0
        D:2 |      77 |      13 |  14.4 |      18 |       1 |   5.3
        D:3 |     100 |      88 |  46.8 |      24 |       5 |  17.2
            +---------+---------+-------+---------+---------+-------

Illustrated notes

Table legend:
 A = Kills in this place as a percentage of kills in entire the game.
 B = Kills by you in this place as a percentage of kills by you in the entire game.
 C = Kills by friends in this place as a percentage of kills by friends in the entire game.
 D = Other kills in this place as a percentage of other kills in the entire game.
 E = Experience gained in this place as a percentage of experience gained in the entire game.
 F = Experience gained in this place divided by the number of levels of this place that you have seen.
                   A       B       C       D       E      F
               +-------+-------+-------+-------+-------+----------------------
         Total | 100.0 | 100.0 |   N/A |   N/A | 100.0 |  99.3
       Dungeon | 100.0 | 100.0 |   N/A |   N/A | 100.0 |  99.3
               +-------+-------+-------+-------+-------+----------------------

Table legend: (Time is in decaauts)
 A = Elapsed time spent in this place.
 B = Non-inter-level travel time spent in this place.
 C = Inter-level travel time spent in this place.
 D = Time resting spent in this place.
 E = Time spent auto-exploring this place.
 F = Levels seen in this place.
 G = Mean time per level.
                   A        B        C        D        E       F      G
               +--------+--------+--------+--------+--------+-----+--------+
         Total |   2495 |   2386 |    109 |    326 |    984 |   3 |  831.7 |
       Dungeon |   2495 |   2386 |    109 |    326 |    984 |   3 |  831.7 |
               +--------+--------+--------+--------+--------+-----+--------+

Top non-repeatable levels by time:
     D:2: 892 daAuts
     D:1: 825 daAuts
     D:3: 776 daAuts
